 Dungeon Crawl Stone Soup version 0.22.1-1-ga44c0e56f4 (webtiles) character file.

42 Revguard the Skirmisher (level 3, -12/43 HPs)
             Began as a Demonspawn Chaos Knight on Oct 20, 2018.
             Mangled by an ogre
             ... wielding a +0 giant club
              (19 damage)
             ... on level 2 of the Dungeon.
             The game lasted 00:03:27 (775 turns).

Revguard the Skirmisher (Demonspawn Chaos Knight)    Turns: 775, Time: 00:03:28

Health: -12/43     AC: 21    Str: 13    XL:     3   Next: 35%
Magic:  3/3        EV:  2    Int: 18    God:    Xom [..*...]
Gold:   53         SH:  0    Dex: 12    Spells: 2/2 levels left

rFire    . . .     SeeInvis .   a - +0 hand axe (chaos)
rCold    . . .     Gourm    .   (no shield)
rNeg     + + +     Faith    .   (armour currently unavailable)
rPois    +         Spirit   .   (helmet currently unavailable)
rElec    .         Reflect  .   (cloak currently unavailable)
rCorr    .         Harm     .   (gloves currently unavailable)
MR       .....     NoTele   +   (boots currently unavailable)
Stlth    +.........             (no amulet)
HPRegen  0.14/turn              (no ring)
MPRegen  0.08/turn              (no ring)

@: brilliant, tree-form
A: deterioration 1, wild magic 1
a: Renounce Religion


You were on level 2 of the Dungeon.
You worshipped Xom.
You were a toy of Xom.
You were not hungry.
You were a tree.
You visited 1 branch of the dungeon, and saw 2 of its levels.

You collected 53 gold pieces.

Inventory:

Hand Weapons
 a - a +0 hand axe of chaos (weapon)
Armour
 b - a +2 leather armour
 f - a +0 pair of boots (melded)
 j - a +0 ring mail of fire resistance (melded)
Wands
 m - a wand of flame (20)
Scrolls
 d - a scroll of remove curse {unknown}
 e - a scroll of noise {unknown}
 h - a scroll of teleportation {unknown}
 i - 2 scrolls of identify {unknown}
 k - a scroll of enchant armour {unknown}
 n - a scroll of amnesia {unknown}
Comestibles
 c - 3 rations


   Skills:
 + Level 3.5 Fighting
 + Level 3.4 Axes
 + Level 2.0 Armour
 + Level 0.9 Dodging
 + Level 0.1 Stealth


You had 2 spell levels left.
You didn't know any spells.
Your spell library was empty.

Dungeon Overview and Level Annotations

Branches:
Dungeon (2/15)

Altars:


Innate Abilities, Weirdness & Mutations

((You have a pair of small horns on your head.))
((You are partially covered in yellow scales. (AC +2)))
((You have sharp toenails.))
Your body sometimes deteriorates upon taking damage.
Your spells are a little harder to cast, but a little more powerful.


Message History

You feel clever all of a sudden.
Xom is amused.
It was a potion of lignification.
You turn into a tree.
Your +0 pair of boots melds into your body.
Your +0 ring mail of fire resistance melds into your body.
You feel less resistant to fire.
Your roots penetrate the ground.
Xom thinks this is hilarious!
The ogre barely misses you.
You barely miss the ogre. The ogre hits you with a giant club!
* * * LOW HITPOINT WARNING * * *
You hit the ogre.
The ogre is lightly wounded.
The ogre hits you with a giant club.
* * * LOW HITPOINT WARNING * * *
It was a potion of mutation.
You feel extremely strange.
Your toenails lengthen and sharpen.
You feel yourself wasting away.
You feel less in control of your magic. The ogre hits you with a giant club!!
You die...
Xom titters!

#########
#.....♣.#
#.#####O#
#########.# .#
#.........# ..
###'###.##..#
.##
#.....#.##..#
.#
#.....#.##....
.#
#.....#.##.##.#
## #.§.§.#.##.#
.#


You could see an ogre.

Vanquished Creatures
  An adder (D:2)
  A dart slug (D:1)
  2 leopard geckos
  5 bats
  2 giant cockroaches (D:1)
  2 hobgoblins
  2 kobolds
  A frilled lizard (D:1)
  7 goblins
  3 rats (D:1)
26 creatures vanquished.

Notes
Turn   | Place    | Note
-------+----------+-------------------------------------------
     0 | D:1      | Revguard the Demonspawn Chaos Knight began the quest for
                  | the Orb.
     0 | D:1      | Reached XP level 1. HP: 18/18 MP: 1/1
    59 | D:1      | XOM: harmless Conj miscast
   137 | D:1      | Gained mutation: You have a pair of small horns on your
                  | head. [demonic ancestry]
   137 | D:1      | Reached XP level 2. HP: 20/24 MP: 2/2
   366 | D:1      | XOM: harmless Conj miscast
   627 | D:2      | Gained mutation: You are partially covered in yellow
                  | scales. (AC +2) [demonic ancestry]
   627 | D:2      | Reached XP level 3. HP: 27/29 MP: 3/3
   716 | D:2      | XOM: divination: detect items
   770 | D:2      | Noticed an ogre
   775 | D:2      | Gained mutation: You have sharp toenails. [potion of
                  | mutation]
   775 | D:2      | Gained mutation: Your body sometimes deteriorates upon
                  | taking damage. [potion of mutation]
   775 | D:2      | Gained mutation: Your spells are a little harder to cast,
                  | but a little more powerful. [potion of mutation]
   775 | D:2      | Mangled by an ogre

Skill      XL: |  1  2  3 |
---------------+----------+-----
Axes           | 3 |  3.4
Armour         | 2 |  2.0
Fighting       | |  3.5
Dodging        | |  0.9
Stealth        | |  0.1

Action                   || total
-------------------------++-------
Melee: Hand axe          ||    80
       Headbutt          ||     7
  Use: Potion            ||     3
Armor: Leather armour    ||    24
       Ring mail         ||    13
Dodge: Dodged            ||    47
